 Dungeon Crawl Stone Soup version 0.29.0-5-ge4962eb29e (webtiles) character file.

Game seed: 9821302404855478108

187 hawla the Conjurer (level 5, -2/36 (39) HPs)
             Began as a Draconian Conjurer on Aug 29, 2022.
             Slain by a hound (4 damage)
             ... on level 4 of the Dungeon.
             The game lasted 00:07:38 (4132 turns).

hawla the Conjurer (Draconian Conjurer)             Turns: 4132, Time: 00:07:39

HP:   -2/36 (39)    AC:  7    Str:  8 (9)  XL:     5   Next: 39%
MP:   1/8           EV: 12    Int: 18 (20) God:
Gold: 221           SH:  0    Dex:  7 (10) Spells: 6/9 levels left

rFire   . . .      SeeInvis .   b - staff of cold
rCold   + . .      Faith    .   (no shield)
rNeg    . . .      Spirit   .   (body armour unavailable)
rPois   .          Reflect  .   (helmet restricted)
rElec   .          Harm     .   f - +0 cloak
rCorr   .          Rampage  .   p - +0 pair of gloves
Will    .....                   (no boots)
Stlth   ++........              (no amulet)
HPRegen 0.12/turn               (no ring)
MPRegen 0.11/turn               (no ring)

@: about to teleport, drained
A: AC +5, unfitting armour, cold-blooded
a: no special abilities


You were on level 4 of the Dungeon.
You visited 1 branch of the dungeon, and saw 4 of its levels.

You collected 221 gold pieces.

Inventory:

Missiles
 h - 6 javelins
 n - a throwing net
Armour
 f - a +0 cloak (worn)
 p - a +0 pair of gloves (worn)
Magical Staves
 b - a staff of cold (weapon)
Jewellery
 e - a ring of fire
Wands
 o - a wand of charming (7)
Scrolls
 d - 2 scrolls of teleportation
 j - a scroll of immolation {unknown}
 k - a scroll of butterflies {unknown}
 l - 4 scrolls of identify {unknown}
 m - a scroll of enchant weapon {unknown}
Potions
 a - a potion of magic
 c - 2 potions of degeneration
 g - a potion of haste {unknown}
 i - a potion of curing {unknown}


   Skills:
 + Level 0.6 Fighting
 + Level 0.5 Staves
 + Level 2.3 Dodging
 + Level 2.6 Stealth
 + Level 2.6 Spellcasting
 + Level 5.3 Conjurations
 + Level 1.0 Ice Magic
 + Level 1.0 Evocations


You had 6 spell levels left.
You knew the following spells:

 Your Spells              Type           Power      Damage    Failure   Level
a - Magic Dart            Conj           84%        1d7       1%          1
b - Searing Ray           Conj           42%        2d6       2%          2

Your spell library contained the following spells:

 Spells                   Type           Power      Damage    Failure   Level
 Freeze                   Ice            32%        1d5       12%         1
 Dazzling Flash           Conj/Hex       22%        N/A       17%         3
 Frozen Ramparts          Ice            16%        1d3       34%         3
 Hailstorm                Conj/Ice       20%        3d6       43%         4
 Call Canine Familiar     Summ           2%         N/A       45%         3
 Portal Projectile        Hex/Tloc       4%         N/A       45%         3
 Fulminant Prism          Conj/Hex       5%         3d7       50%         4
 Iskenderun's Mystic Bla  Conj/Tloc      11%        2d4       50%         4
 Leda's Liquefaction      Hex/Erth       1%         N/A       86%         4


Dungeon Overview and Level Annotations

Branches:
Dungeon (4/15)             Temple (0/1) D:4

Altars:
Xom


Innate Abilities, Weirdness & Mutations

Your plain brown scales are hard. (AC +5)
You cannot fit into any form of body armour.
You are cold-blooded and may be slowed by cold attacks.


Message History

The magic dart hits the orc.
You kill the orc!
The hound barks!
You hit the orc but do no damage.
The orc is lightly wounded.
The orc hits you but does no damage.
You hit the orc but do no damage.
The orc is lightly wounded.
The orc barely misses you.
You hit the orc. You punch the orc.
The orc is heavily wounded.
The orc hits you but does no damage. The orc hits you with a +0 flail!
You hit the orc but do no damage.
The orc is heavily wounded.
The orc hits you with a +0 flail.
You hit the orc but do no damage.
Your tail-slap misses the orc.
The orc is heavily wounded.
The orc closely misses you.
You hit the orc but do no damage.
The orc is heavily wounded.
The orc hits you with a +0 flail.
You hit the orc.
The orc is severely wounded.
The orc hits you with a +0 flail. The orc attacks as you move away!
The orc hits you with a +0 flail. The orc attacks as you move away!
The orc hits you with a +0 flail.
* * * LOW HITPOINT WARNING * * *
The orc attacks as you move away! The orc hits you with a +0 flail.
* * * LOW HITPOINT WARNING * * *
It was a potion of degeneration.
There was something very wrong with that liquid.
You feel weakened.
You feel dopey.
You feel clumsy. The orc hits you with a +0 flail.
* * * LOW HITPOINT WARNING * * *
As you read the scroll labelled EZUUSY ECVO, it crumbles to dust.
You feel strangely unstable.
It was a scroll of teleportation.
The hound barely misses you. The orc hits you with a +0 flail.
* * * LOW HITPOINT WARNING * * *
The hound bites you.
You die...

########## . .........#
. ########.## #. #..##
#. #######..## #.#
###....).#..#
#..########........##)#
#...h.#....#......##†#
#..o@...#####.#####.#
..########.#####.#####.#
#.. ....)))....#
#.)))...# ###
..########## ######..#
## #..## ###. #...# #...
##..###.## ####......##
#....)##...#


You could see a hound and an orc.

Vanquished Creatures
  A necrophage (D:4)
  5 adders
  A dart slug (D:2)
  10 orcs
  2 ball pythons
  9 endoplasms
  2 giant cockroaches
  4 goblins
  8 hobgoblins
  3 jackals (D:1)
  3 quokkas
  3 bats (D:1)
  4 frilled lizards
  9 kobolds
  3 rats
67 creatures vanquished.

Notes
Turn   | Place    | Note
-------+----------+-------------------------------------------
     0 | D:1      | hawla the Draconian Conjurer began the quest for the Orb.
     0 | D:1      | Reached XP level 1. HP: 14/14 MP: 3/3
   474 | D:1      | Reached XP level 2. HP: 20/20 MP: 1/5
   774 | D:1      | Learned a level 2 spell: Searing Ray
  1621 | D:2      | Reached XP level 3. HP: 26/26 MP: 3/6
  2254 | D:2      | Reached XP level 4. HP: 33/33 MP: 0/7
  2870 | D:3      | Found a shimmering altar of Xom.
  2875 | D:3      | Found a faded altar of an unknown god.
  3142 | D:3      | Reached skill level 5 in Conjurations
  3214 | D:3      | Reached skill level 1 in Ice Magic
  3619 | D:4      | Noticed a necrophage
  3627 | D:4      | Killed a necrophage
  3628 | D:4      | Reached skill level 1 in Evocations
  3628 | D:4      | Reached XP level 5. HP: 30/39 MP: 0/8
  3805 | D:4      | Found a staircase to the Ecumenical Temple.
  4132 | D:4      | Slain by a hound

Illustrated notes

Levels and vault maps discovered:
D:1:      dpeg_arrival_line_fractal, layout_basic
D:2:      layout_basic
D:3:      layout_loops_ring, general_overflow_altar, basic_ecumenical_altar,
          due_unseen_surprise
D:4:      layout_rooms, temple_pool_b

Skill      XL: |  1  2  3  4 |
---------------+-------------+-----
Dodging        | 2 |  2.3
Stealth        | 2 |  2.6
Conjurations   | 5 |  5.3
Ice Magic      | 1 |  1.0
Evocations     | 1 |  1.0
Fighting       | |  0.6
Staves         | |  0.5
Spellcasting   | |  2.6

Action                   |  1- 3 |  4- 6 || total
-------------------------+-------+-------++-------
Melee: Unarmed           |    11 |       ||    11
       Staff             |    28 |    11 ||    39
       Tailslap          |     3 |       ||     3
       Punch             |       |     1 ||     1
 Cast: Magic Dart        |    30 |     1 ||    31
       Searing Ray       |    24 |    29 ||    53
  Use: Scroll            |       |     1 ||     1
       Potion            |       |     1 ||     1
Armor: Skin              |    12 |     9 ||    21
Dodge: Dodged            |    44 |    14 ||    58
